 Dungeon Crawl Stone Soup version 0.22-a0-533-g4d20840 (webtiles) character file.

23 inc the Scratcher (level 2, -1/14 HPs)
             Began as a Felid Chaos Knight on June 22, 2018.
             Slain by an adder (5 damage)
             ... on level 2 of the Dungeon.
             The game lasted 00:00:55 (1259 turns).

inc the Scratcher (Felid Chaos Knight)              Turns: 1259, Time: 00:00:55

Health: -1/14      AC:  1    Str:  8    XL:     2   Next: 75%
Magic:  3/3        EV: 18    Int: 13    God:    Xom [....*.]
Gold:   100        SH:  0    Dex: 15    Spells: 1/1 levels left
                                        Lives:  0   Deaths: 0

rFire    . . .     SeeInvis +     - Unarmed
rCold    . . .     Gourm    .   (shield unavailable)
rNeg     . . .     Faith    .   (armour unavailable)
rPois    .         Spirit   .   (helmet unavailable)
rElec    .         Reflect  .   (cloak unavailable)
rCorr    .         Harm     .   (gloves unavailable)
MR       .....                  (boots unavailable)
Stlth    ++........             (no amulet)
HPRegen  0.04/turn              (no ring)
MPRegen  0.08/turn              (no ring)

@: quick
A: very small, no armour, no weapons or thrown items, stealth, claws 1, fangs 3,
see invisible, carnivore, speed 1, shaggy fur 1, slow metabolism 1, sharp paws
a: Renounce Religion


You were on level 2 of the Dungeon.
You worshipped Xom.
You were a beloved toy of Xom.
You were not hungry.

You visited 1 branch of the dungeon, and saw 2 of its levels.

You collected 100 gold pieces.

Inventory:

Jewellery
 c - an uncursed ring of magical power {unknown}
 i - a +5 ring of intelligence {unknown}
Scrolls
 e - a scroll of blinking {unknown}
 f - a scroll of teleportation {unknown}
 g - a scroll of noise {unknown}
 h - a scroll of identify {unknown}
Potions
 b - a potion of resistance {unknown}
 d - a potion of flight {unknown}
Comestibles
 a - 2 rations


   Skills:
 - Level 3.0 Fighting
 - Level 3.2 Dodging
 + Level 4.1 Unarmed Combat


You had one spell level left.
You didn't know any spells.
Your spell library was empty.

Dungeon Overview and Level Annotations

Branches:
Dungeon (2/15)

Altars:
Elyvilon
Nemelex Xobeh
Xom


Innate Abilities, Weirdness & Mutations

You cannot wear armour.
You are incapable of wielding weapons or throwing items.
Your paws allow you to move quietly. (Stealth)
You have sharp claws.
You have razor-sharp teeth.
You have supernaturally acute eyesight. (SInv)
You are carnivorous and can eat meat at any time.
You cover ground quickly.
You are covered in fur. (AC +1)
You have a slow metabolism.
Your sharp claws are effective at attacking unaware monsters.


Message History

The adder bites you.
You closely miss the adder.
The adder is severely wounded.
The adder bites you.
* * * LOW HITPOINT WARNING * * *
You are too injured to fight recklessly!
You are too injured to fight recklessly!
You are too injured to fight recklessly!
You are too injured to fight recklessly!
You are too injured to fight recklessly!
You are too injured to fight recklessly!
You are too injured to fight recklessly!
You are too injured to fight recklessly!
You are too injured to fight recklessly!
You are too injured to fight recklessly!
An adder is nearby!
You scratch the adder.
The adder is almost dead.
The adder bites you.
You die...

#....##.#....#.....#
#..####.#...b#####b#
#..####.#....bbb.(b#
#.......#....b######
##.######.>..b# #.#
####### #.# #.#
#########
#.######.@S....#
#.#...##.#####.#
#........#
#.#.⌠.⌠..#
#.#.._...##.#
#.##⌠.⌠.....#
#.###.#........
#.......#######
#########


You could see an adder.

Vanquished Creatures
  A dart slug (D:1)
  2 bats (D:1)
  5 goblins
  5 hobgoblins
  2 kobolds (D:1)
  A frilled lizard (D:2)
  2 rats (D:1)
18 creatures vanquished.

Notes
Turn   | Place    | Note
-------+----------+-------------------------------------------
     0 | D:1      | inc the Felid Chaos Knight began the quest for the Orb.
     0 | D:1      | Reached XP level 1. HP: 10/10 MP: 2/2
    59 | D:1      | XOM: butterfly on damage
   535 | D:1      | Reached XP level 2. HP: 14/14 MP: 3/3
   713 | D:1      | XOM: divination: detect creatures
   836 | D:1      | XOM: scenery: create altars
  1110 | D:2      | Reached skill level 4 in Unarmed Combat
  1175 | D:2      | Found a white marble altar of Elyvilon.
  1201 | D:2      | XOM: butterfly on damage
  1244 | D:2      | Found a sparkling altar of Nemelex Xobeh.
  1259 | D:2      | Slain by an adder

Vault maps used:
D:1:      dpeg_arrival_rooms_c
D:2:      nicolae_overflow_crystal_walls, nemelex_xobeh_ov_fountains_minmay

Skill      XL: |  1  2 |
---------------+-------+-----
Unarmed Combat | 4 |  4.1
Fighting       | |  3.0
Dodging        | |  3.2

Action                   || total
-------------------------++-------
Melee: Unarmed           ||    44
       Bite              ||     3
 Stab: Sleeping          ||     4
Armor: Skin              ||     2
Dodge: Dodged            ||    19

Table legend:
 A = Spawn XP
 B = Non-spawn XP
 C = Spawn XP percentage of total XP
 D = Spawn monster count
 E = Non-spawn monster count
 F = Spawn count percentage of total count
 G = Total turns spent on level
                    A         B        C        D         E        F      G
               +---------+---------+-------+---------+---------+-------+---------
         Total |       0 |      34 |   0.0 |       0 |      18 |   0.0 |  1259
               +---------+---------+-------+---------+---------+-------+---------
           D:1 |       0 |      25 |   0.0 |       0 |      13 |   0.0 |  1080
           D:2 |       0 |       9 |   0.0 |       0 |       5 |   0.0 |   179
               +---------+---------+-------+---------+---------+-------+---------
